[Event "Titled Tuesday Blitz December 06 Late 2022"]
[White "Silva, Pedro Gil Ferreira Da"]
[Black "Fernandez De La Vara, Arnaldo"]
[WhiteFideId "1946102"]
[BlackFideId "3518388"]
[WhiteElo "2241"]
[BlackElo "2387"]
[Result "1/2-1/2"]
[Round "01"]
[TimeControl "180+1"]
[Date "2022.12.07"]
[WhiteClock "0:01:02"]
[BlackClock "0:01:23"]

1. c4 c5 2. Nf3 Nc6 3. Nc3 Nf6 4. d4 cxd4 5. Nxd4 g6 6. g3 d6 7. Bg2 Bd7 8. O-O Bg7 9. b3 Nxd4 10. Qxd4 Bc6 11. Bb2 O-O 12. Bxc6 bxc6 13. Rad1 Qa5 14. Qd2 Rfb8 15. Qc2 Nd7 16. h4 Nc5 17. Rd2 Qb4 18. Rfd1 a5 19. Ba1 a4 20. bxa4 Qxc4 21. h5 Qb5 22. axb5 1/2-1/2


[Site "https://www.chess.com"]

[Event "Titled Tuesday Blitz December 06 Late 2022"]
[White "Sivakumar, Shaaketh"]
[Black "BlackChess17"]
[WhiteFideId "30940176"]
[WhiteElo "2174"]
[BlackElo "2808"]
[Result "0-1"]
[Round "01"]
[TimeControl "180+1"]
[Date "2022.12.07"]
[WhiteClock "0:01:47"]
[BlackClock "0:01:45"]

1. d4 Nf6 2. Nf3 g6 3. Bf4 Bg7 4. Nc3 d6 5. e4 Bg4 6. Be2 Nc6 7. Qd2 Bxf3 8. Bxf3 Nd7 9. Be3 e5 10. d5 Nd4 11. O-O-O a6 12. h4 h5 13. Ne2 Nxf3 14. gxf3 Bf6 15. Bg5 Bxg5 16. hxg5 Qe7 17. Qe3 O-O 18. Ng3 c6 19. Rh4 f6 20. gxf6 Qxf6 21. Rg1 Qxh4 22. Qh6 Qf4+ 23. Qxf4 exf4 24. Nxh5 Ne5 0-1


[Site "https://www.chess.com"]

[Event "Titled Tuesday Blitz December 06 Late 2022"]
[White "Sjugirov, Sanan"]
[Black "Sukandar, Irine Kharisma"]
[WhiteFideId "4189302"]
[BlackFideId "7101937"]
[WhiteElo "2613"]
[BlackElo "2301"]
[Result "1-0"]
[Round "01"]
[TimeControl "180+1"]
[Date "2022.12.06"]
[WhiteClock "0:00:24"]
[BlackClock "0:00:04"]

1. e4 e5 2. Nf3 Nc6 3. Bb5 a6 4. Ba4 Nf6 5. O-O Be7 6. d3 b5 7. Bb3 O-O 8. h3 d6 9. c3 Na5 10. Bc2 c5 11. Re1 Nc6 12. Nbd2 Re8 13. Nf1 Bf8 14. a4 Bb7 15. Bg5 h6 16. Bh4 g6 17. Ne3 Bg7 18. Nd5 g5 19. Nxf6+ Qxf6 20. Bg3 Ne7 21. Nh2 Ng6 22. Ng4 Qe7 23. Ne3 Nf4 24. Bb3 Qf6 25. Nf5 Bf8 26. h4 Bc8 27. hxg5 hxg5 28. Ne3 Be6 29. Bxf4 gxf4 30. Nd5 Qg5 31. Kf1 Rac8 32. axb5 axb5 33. Ra7 Qh4 34. Qf3 Bg7 35. g3 Qh3+ 36. Qg2 f3 37. Qxh3 Bxh3+ 38. Kg1 1-0


[Site "https://www.chess.com"]

[Event "Titled Tuesday Blitz December 06 Late 2022"]
[White "Souleidis, Georgios"]
[Black "Liu, Casper"]
[WhiteFideId "4206827"]
[BlackFideId "1454153"]
[WhiteElo "2401"]
[BlackElo "2217"]
[Result "1-0"]
[Round "01"]
[TimeControl "180+1"]
[Date "2022.12.07"]
[WhiteClock "0:00:16"]
[BlackClock "0:00:21"]

1. e4 c6 2. d3 d5 3. Nf3 dxe4 4. dxe4 Qxd1+ 5. Kxd1 Nd7 6. Ne1 h5 7. Nd3 h4 8. Be3 h3 9. g3 Ngf6 10. f3 Nb6 11. Nd2 Be6 12. Nc5 O-O-O 13. Nxe6 fxe6 14. a4 Kb8 15. a5 Nc8 16. Bc4 e5 17. Ke2 Nd6 18. Be6 Nb5 19. c3 Nc7 20. Bc4 e6 21. b4 Be7 22. Nb3 Rd7 23. Rhd1 Rhd8 24. Rxd7 Rxd7 25. Bc5 g5 26. Bxe7 Rxe7 27. Rd1 Kc8 28. g4 Nd7 29. Kf2 b5 30. axb6 axb6 31. Kg3 b5 32. Be2 Nf8 33. Kxh3 Ng6 34. Kg3 Nf4 35. Bf1 Na8 36. Nc5 Nb6 37. h4 gxh4+ 38. Kxh4 Rg7 39. Kg3 Kc7 40. Kf2 Nc8 41. Ra1 Rh7 42. Nd3 Rh2+ 43. Kg3 Rc2 44. Nxf4 exf4+ 45. Kxf4 Rxc3 46. g5 Ne7 47. Be2 Rc2 48. Bd1 Rg2 49. Ra7+ Kd8 50. Bb3 Ng6+ 51. Ke3 Rxg5 52. Bxe6 Rg1 53. f4 Re1+ 54. Kf3 Rf1+ 55. Ke3 Nxf4 56. Bf5 Ng2+ 57. Kd4 Rd1+ 58. Kc5 Ne3 59. Kxc6 Nxf5 60. exf5 Rf1 61. Rf7 Ke8 62. Rc7 Rxf5 63. Rb7 Kd8 64. Rxb5 Rf6+ 65. Kb7 Rf7+ 66. Kb8 Kd7 67. Rb7+ Ke6 68. Rxf7 Kxf7 69. b5 Ke6 70. b6 Kd6 71. b7 Kc6 72. Kc8 Kb6 73. b8=Q+ Kc6 74. Qc7+ Kd5 75. Qd7+ Kc5 76. Qe6 Kb5 77. Qd6 Ka4 78. Qb6 Ka3 79. Kc7 Ka2 80. Kc6 Ka1 81. Kc5 Ka2 82. Kc4 Ka1 83. Kc3 Ka2 84. Qb2# 1-0


[Site "https://www.chess.com"]

[Event "Titled Tuesday Blitz December 06 Late 2022"]
[White "Stoleriu, George"]
[Black "Quinones Garcia, Santiago"]
[WhiteFideId "1227505"]
[BlackFideId "4408497"]
[WhiteElo "2287"]
[BlackElo "2249"]
[Result "1/2-1/2"]
[Round "01"]
[TimeControl "180+1"]
[Date "2022.12.07"]
[WhiteClock "0:00:38"]
[BlackClock "0:00:14"]

1. e4 c5 2. Nc3 g6 3. d4 cxd4 4. Qxd4 Nf6 5. Nf3 Nc6 6. Qa4 d6 7. e5 dxe5 8. Nxe5 Bd7 9. Nxd7 Qxd7 10. Bb5 Bg7 11. O-O O-O 12. Bf4 a6 13. Bxc6 Qxc6 14. Qxc6 bxc6 15. Be5 Nd5 16. Bxg7 Kxg7 17. Ne4 Rfd8 18. Rad1 Rab8 19. b3 Nb4 20. c3 Rxd1 21. Rxd1 Nxa2 22. b4 f5 23. Nc5 Nxc3 24. Re1 Nd5 25. Nxa6 Rb6 26. Nc5 Rxb4 27. g3 Kf7 28. Nd3 Rb6 29. Ne5+ Kg7 30. Rc1 Nb4 31. Rb1 c5 32. Rc1 Rb5 33. f4 Ra5 34. Rd1 Ra7 35. Rc1 Rc7 36. Kf1 Nd5 37. Ke2 Nb6 38. Ke3 Nd5+ 39. Kd3 Kf6 40. Kc4 Nb6+ 41. Kb5 Nd7 42. Nc6 e5 43. fxe5+ Nxe5 44. Na5 c4 45. Nxc4 Nxc4 46. Rxc4 Rxc4 47. Kxc4 Ke5 48. Kd3 g5 49. Ke3 h5 50. Kf3 Kd4 51. Kf2 Ke4 52. Ke2 f4 53. gxf4 gxf4 54. Kf2 f3 55. Kf1 Kf4 56. Kg1 h4 57. Kf2 Kg4 58. Kf1 Kf4 59. Kf2 Ke4 60. Kg1 Ke3 61. Kf1 f2 62. h3 Kf4 63. Kxf2 Kf5 64. Kf3 Kg5 65. Ke4 Kg6 66. Kf4 Kh6 67. Kg4 Kh7 68. Kf5 Kh8 69. Kg5 Kh7 70. Kh5 Kh8 71. Kg6 Kg8 72. Kh6 Kh8 73. Kg5 Kg8 74. Kh5 Kh8 75. Kxh4 Kg8 76. Kg5 Kh8 77. h4 Kg8 78. h5 Kh8 79. h6 Kg8 80. Kg6 Kh8 81. h7 1/2-1/2


[Site "https://www.chess.com"]

[Event "Titled Tuesday Blitz December 06 Late 2022"]
[White "Storey, Charles H"]
[Black "Kuzmicz, Krystian"]
[WhiteFideId "406686"]
[BlackFideId "1119125"]
[WhiteElo "2251"]
[BlackElo "2379"]
[Result "1-0"]
[Round "01"]
[TimeControl "180+1"]
[Date "2022.12.07"]
[WhiteClock "0:00:18"]
[BlackClock "0:00:43"]

1. e4 c5 2. Nf3 e6 3. d3 Nc6 4. Nbd2 d5 5. g3 Bd6 6. Bg2 Nge7 7. O-O Qc7 8. Re1 f6 9. Nf1 Bd7 10. a3 O-O-O 11. b4 g5 12. bxc5 Bxc5 13. d4 Bd6 14. e5 fxe5 15. dxe5 Nxe5 16. Bxg5 Nxf3+ 17. Qxf3 Rhg8 18. Be3 Rdf8 19. Qe2 Nc6 20. c4 d4 21. Bd2 e5 22. c5 Be7 23. Rec1 Rg6 24. Rab1 Rgf6 25. Be1 Nd8 26. Nd2 Bc6 27. Ne4 Rg6 28. Nd6+ Bxd6 29. cxd6 Rxd6 30. Bb4 Re8 31. Bxd6 Qxd6 32. Be4 Re7 33. Qf3 Kc7 34. Qf8 Qd7 35. Bf5 Qd5 36. Qxe7+ Kb8 37. Be4 1-0


[Site "https://www.chess.com"]

[Event "Titled Tuesday Blitz December 06 Late 2022"]
[White "Suder, Jakub"]
[Black "Pham, Le Thao Nguyen"]
[WhiteFideId "1195310"]
[BlackFideId "12401226"]
[WhiteElo "2245"]
[BlackElo "2282"]
[Result "1-0"]
[Round "01"]
[TimeControl "180+1"]
[Date "2022.12.07"]
[WhiteClock "0:01:32"]
[BlackClock "0:01:15"]

1. d4 Nf6 2. c4 g6 3. Nc3 d6 4. e4 Bg7 5. Nf3 O-O 6. Be2 Re8 7. O-O Nc6 8. Be3 e5 9. d5 Ne7 10. Ne1 Nd7 11. Nd3 f5 12. f3 Nf6 13. Bf2 a6 14. c5 Rb8 15. Rc1 b5 16. cxb6 cxb6 17. Kh1 b5 18. a3 a5 19. b4 axb4 20. Nxb4 Bd7 21. Qb3 Ra8 22. Nxb5 Bxb5 23. Bxb5 Rf8 24. Nc6 Nxc6 25. dxc6+ Kh8 26. exf5 gxf5 27. c7 Qc8 28. a4 d5 29. Bb6 e4 30. a5 Bh6 31. Rc6 Bf4 32. Bd4 Kg7 33. Qc3 Bg5 34. fxe4 dxe4 35. Rd6 Rf7 36. Bb6 Qf8 37. Rd8 1-0


[Site "https://www.chess.com"]

[Event "Titled Tuesday Blitz December 06 Late 2022"]
[White "Timmermans, Mark"]
[Black "Rosenberg, Evan S"]
[WhiteFideId "1026399"]
[BlackFideId "2019299"]
[WhiteElo "2460"]
[BlackElo "2411"]
[Result "1-0"]
[Round "01"]
[TimeControl "180+1"]
[Date "2022.12.07"]
[WhiteClock "0:01:10"]
[BlackClock "0:00:07"]

1. b4 e5 2. Bb2 Bxb4 3. Bxe5 Nf6 4. Nc3 Nc6 5. Bxf6 Qxf6 6. Nd5 Qe5 7. c4 O-O 8. f3 Ba5 9. f4 Qb2 10. Nf3 d6 11. e3 Bg4 12. Qc1 Qxc1+ 13. Rxc1 Rfe8 14. Be2 Ne7 15. Nc3 Nf5 16. Kf2 c6 17. h3 Bxf3 18. Bxf3 Bb6 19. Rhe1 Re7 20. g4 Nh4 21. Na4 Nxf3 22. Kxf3 Rae8 23. Nxb6 axb6 24. Rb1 Ra8 25. Rxb6 Rxa2 26. d4 h6 27. Reb1 Ra3 28. R1b3 Rxb3 29. Rxb3 Kf8 30. e4 Ke8 31. e5 dxe5 32. fxe5 Kd8 33. Re3 Kc7 34. d5 cxd5 35. cxd5 Re8 36. Rc3+ Kd7 37. Ke4 f6 38. e6+ Kd6 39. Rb3 Re7 40. Kd4 Rc7 41. Rb6+ 1-0


[Site "https://www.chess.com"]

[Event "Titled Tuesday Blitz December 06 Late 2022"]
[White "Tirelli, Mauro"]
[Black "Mikhailov, Viacheslav"]
[WhiteFideId "845353"]
[BlackFideId "4187369"]
[WhiteElo "2152"]
[BlackElo "2381"]
[Result "0-1"]
[Round "01"]
[TimeControl "180+1"]
[Date "2022.12.07"]
[WhiteClock "0:00:01"]
[BlackClock "0:01:31"]

1. d4 Nf6 2. c4 g6 3. Nc3 Bg7 4. e4 O-O 5. h3 d6 6. Bg5 c6 7. Qd2 a6 8. O-O-O b5 9. a3 Nbd7 10. Nf3 Nb6 11. Bh6 Nxc4 12. Bxc4 bxc4 13. Rhe1 Qa5 14. Bxg7 Kxg7 15. g4 Rb8 16. g5 Nh5 17. h4 Bg4 18. Re3 Rb3 19. Rg1 Bxf3 20. Rxf3 Rfb8 21. Re1 e5 22. dxe5 dxe5 23. Rfe3 Nf4 24. Nd1 Qb6 25. Rxb3 Qxb3 26. Qc3 Nd3+ 27. Kb1 Qxc3 0-1


[Site "https://www.chess.com"]

[Event "Titled Tuesday Blitz December 06 Late 2022"]
[White "Tomaszewski, Kacper"]
[Black "Goltsev, Dmitry"]
[WhiteFideId "1127373"]
[BlackFideId "24176710"]
[WhiteElo "2211"]
[BlackElo "2327"]
[Result "0-1"]
[Round "01"]
[TimeControl "180+1"]
[Date "2022.12.07"]
[WhiteClock "0:01:10"]
[BlackClock "0:02:41"]

1. Nf3 d5 2. d4 c6 3. c4 Nf6 4. cxd5 cxd5 5. Nc3 Nc6 6. Bf4 Bf5 7. e3 e6 8. Bd3 Bxd3 9. Qxd3 Bd6 10. O-O O-O 11. Ne5 Ne7 12. Rfc1 Ng6 13. Nxg6 hxg6 14. Bxd6 Qxd6 15. Nb5 Qb6 16. a4 a6 17. Nc3 Rac8 18. a5 Qxb2 19. Rab1 Qa3 20. Qd2 Qxa5 21. Rxb7 Ne4 22. Qe1 Rxc3 0-1


[Site "https://www.chess.com"]

[Event "Titled Tuesday Blitz December 06 Late 2022"]
[White "Toncheva, Nadya"]
[Black "Tang, Andrew"]
[WhiteFideId "2924056"]
[BlackFideId "2059630"]
[WhiteElo "2101"]
[BlackElo "2582"]
[Result "0-1"]
[Round "01"]
[TimeControl "180+1"]
[Date "2022.12.06"]
[WhiteClock "0:00:07"]
[BlackClock "0:00:31"]

1. e4 e5 2. Nf3 Nc6 3. Bb5 g6 4. c3 a6 5. Ba4 Bg7 6. O-O b5 7. Bc2 d6 8. d4 exd4 9. cxd4 Bg4 10. Be3 Bxf3 11. gxf3 Qf6 12. Nc3 Nge7 13. Bb3 Nxd4 14. Bxd4 Qxd4 15. Qxd4 Bxd4 16. Rfd1 Bb6 17. Rac1 Rd8 18. Nd5 Nxd5 19. Bxd5 Ke7 20. Bc6 Rhf8 21. Kf1 b4 22. Ke2 f5 23. Rc4 a5 24. exf5 Rxf5 25. Rd5 Kf6 26. Re4 Rf8 27. Rxf5+ gxf5 28. Re8 Rxe8+ 29. Bxe8 c5 30. Bb5 d5 31. b3 Bc7 32. h3 Ke5 33. Ke3 f4+ 34. Kd3 Bd8 35. Bd7 Bh4 36. Bc8 Bxf2 37. Bg4 Kd6 38. Bf5 h6 39. Bg4 Kc6 40. Bh5 Kd6 41. Be8 Ke5 42. Bd7 Be1 43. Bg4 Kf6 44. Bc8 Kg5 45. Bd7 Kh4 46. Be6 Kg3 47. Ke2 Bc3 48. Bf5 Bd4 49. Bg4 c4 50. Be6 Be3 51. Bxd5 c3 52. Be4 Kxh3 53. Bg6 Kg3 54. Be4 h5 55. Bf5 h4 56. Bg4 h3 0-1


[Site "https://www.chess.com"]

[Event "Titled Tuesday Blitz December 06 Late 2022"]
[White "Torres Dominguez, David"]
[Black "Omelja, Artem"]
[WhiteFideId "2220857"]
[BlackFideId "14119846"]
[WhiteElo "2037"]
[BlackElo "2404"]
[Result "0-1"]
[Round "01"]
[TimeControl "180+1"]
[Date "2022.12.07"]
[WhiteClock "0:01:12"]
[BlackClock "0:01:15"]

1. e4 c5 2. Nf3 Nc6 3. d4 cxd4 4. Nxd4 Nf6 5. Nxc6 bxc6 6. Bd3 e5 7. O-O Be7 8. Re1 O-O 9. Nd2 d6 10. Nf1 Be6 11. Ng3 Rb8 12. b3 Re8 13. Bb2 Qc7 14. Qe2 a5 15. a4 Nd7 16. Bc4 Nc5 17. Bxe6 Nxe6 18. Nf5 Bf8 19. Qg4 Kh8 20. g3 g6 21. Ne3 Bg7 22. Rad1 Nd4 23. Bxd4 exd4 24. Nc4 d5 25. exd5 cxd5 26. Na3 Qc5 27. Re2 Rxe2 28. Qxe2 Qxa3 29. Kg2 Qc5 30. Re1 h6 31. h4 Rc8 32. h5 gxh5 33. Qxh5 Qxc2 34. Qxf7 Rf8 35. Qe6 Qxf2+ 36. Kh3 d3 37. Rd1 d2 38. Qxd5 Bc3 39. Qd6 Qf5+ 40. Kg2 Qf6 41. Rxd2 Bxd2 42. Qxd2 Qf1+ 43. Kh2 Rf2+ 0-1


[Site "https://www.chess.com"]

[Event "Titled Tuesday Blitz December 06 Late 2022"]
[White "Tymrakiewicz, Rafal"]
[Black "Quizon, Daniel"]
[WhiteFideId "1108832"]
[BlackFideId "5217911"]
[WhiteElo "2139"]
[BlackElo "2385"]
[Result "0-1"]
[Round "01"]
[TimeControl "180+1"]
[Date "2022.12.07"]
[WhiteClock "0:00:03"]
[BlackClock "0:00:57"]

1. d4 Nf6 2. Bg5 Ne4 3. Bf4 g6 4. f3 Nf6 5. e4 d6 6. Qd2 Bg7 7. Nc3 O-O 8. Bh6 c5 9. Bxg7 Kxg7 10. O-O-O cxd4 11. Qxd4 Nc6 12. Qd2 Be6 13. Nge2 Rc8 14. Nf4 Qa5 15. Nxe6+ fxe6 16. Kb1 e5 17. Nb5 Qxd2 18. Rxd2 a6 19. Nc3 h5 20. h4 Nd4 21. Ne2 Ne6 22. g3 Rc7 23. Bh3 Nc5 24. Nc3 b5 25. a3 Rb8 26. Nd5 Nxd5 27. Rxd5 b4 28. Ka2 Rcb7 29. b3 bxa3 30. Kxa3 a5 31. Rb1 Rf8 32. Bg2 Ra7 33. Rbd1 Ne6 34. R1d2 Rb8 35. Bh3 Nc7 36. f4 exf4 37. Rg5 a4 38. b4 Nb5+ 39. Rxb5 Rxb5 40. gxf4 Rc7 41. Bf1 Rc3+ 42. Kb2 Rb8 43. Kxc3 a3 44. Bc4 Rf8 45. f5 gxf5 46. Rg2+ Kf6 47. exf5 Rc8 48. Kb3 a2 49. Rg1 Ra8 50. Ra1 Kxf5 51. Rxa2 Rb8 52. Ra1 Kg4 53. Re1 e5 54. Rd1 Rb6 55. Be6+ Kxh4 56. c4 Kg5 57. b5 Kf6 58. Bd5 Ke7 59. Rh1 Rb8 60. Rxh5 Rf8 61. Rh7+ Kd8 62. b6 Kc8 63. Rc7+ Kb8 64. Rb7+ Kc8 65. Ra7 Rf1 66. Kb4 Rb1+ 67. Ka5 e4 68. Ra8+ Kd7 69. Ra7+ Kd8 70. Rf7 e3 71. Rf6 e2 72. Rxd6+ Kc8 73. Rc6+ Kd7 74. Rc7+ Kd8 0-1


[Site "https://www.chess.com"]

[Event "Titled Tuesday Blitz December 06 Late 2022"]
[White "Urbina Perez, Juan Antonio"]
[Black "Tanenbaum, Zachary"]
[WhiteFideId "2217368"]
[BlackFideId "2060850"]
[WhiteElo "2197"]
[BlackElo "2175"]
[Result "0-1"]
[Round "01"]
[TimeControl "180+1"]
[Date "2022.12.07"]
[WhiteClock "0:00:45"]
[BlackClock "0:01:36"]

1. d4 d5 2. c4 dxc4 3. Nf3 Nf6 4. e3 Bg4 5. Bxc4 e6 6. O-O Nbd7 7. Nc3 Bb4 8. h3 Bh5 9. Be2 O-O 10. Qb3 c5 11. dxc5 a5 12. a3 Nxc5 13. Qc4 Bxc3 14. Qxc3 Rc8 15. Rd1 Qb6 16. b4 Na4 17. Qd4 Qc7 18. bxa5 Nc3 19. Re1 Rfd8 20. Qb6 Nxe2+ 21. Rxe2 Rd1+ 22. Re1 Bxf3 23. Qxc7 Rxe1+ 0-1


[Site "https://www.chess.com"]

[Event "Titled Tuesday Blitz December 06 Late 2022"]
[White "Van Dael, Siem"]
[Black "Kavutskiy, Konstantin"]
[WhiteFideId "1049771"]
[BlackFideId "2026384"]
[WhiteElo "2336"]
[BlackElo "2386"]
[Result "0-1"]
[Round "01"]
[TimeControl "180+1"]
[Date "2022.12.07"]
[WhiteClock "0:00:06"]
[BlackClock "0:00:15"]

1. e4 Nc6 2. Nf3 d6 3. d4 Nf6 4. Bd3 g6 5. O-O Bg7 6. c3 O-O 7. h3 e5 8. Re1 h6 9. Nbd2 Re8 10. d5 Ne7 11. Nf1 Rf8 12. Ng3 Ne8 13. Bd2 Kh7 14. Nh2 f5 15. exf5 gxf5 16. Nh5 Ng6 17. Qc1 Qh4 18. Nxg7 Nxg7 19. Nf3 Qh5 20. Be2 f4 21. Bd1 Qf5 22. Bc2 Qf7 23. Nh4 Nf5 24. Nxf5 Bxf5 25. Bxf5 Qxf5 26. Qb1 Nh4 27. Qxf5+ Rxf5 28. Kh2 Rg8 29. Rg1 Rfg5 30. Kh1 Rxg2 31. Rxg2 Rxg2 32. Rf1 Kg6 33. Be1 f3 34. Bd2 e4 35. Be3 Nf5 36. Bxa7 b6 37. Rg1 e3 38. fxe3 Nxe3 39. Bb8 Kf5 40. Bxc7 Rxb2 41. Bxd6 f2 42. Rc1 f1=Q+ 43. Rxf1+ Nxf1 44. c4 Ne3 45. c5 bxc5 46. Bxc5 Nxd5 47. Bf8 Ke4 48. Bxh6 Kf3 49. Kg1 Nf4 50. h4 Nh3+ 51. Kh1 Kg3 52. Bf4+ Nxf4 53. h5 Rb1# 0-1


[Site "https://www.chess.com"]

[Event "Titled Tuesday Blitz December 06 Late 2022"]
[White "Van Foreest, Machteld"]
[Black "Zhu, Jiner"]
[WhiteFideId "1051563"]
[BlackFideId "8608059"]
[WhiteElo "2018"]
[BlackElo "2384"]
[Result "0-1"]
[Round "01"]
[TimeControl "180+1"]
[Date "2022.12.07"]
[WhiteClock "0:00:05"]
[BlackClock "0:00:14"]

1. e4 c5 2. Nf3 d6 3. d4 cxd4 4. Nxd4 Nf6 5. Nc3 g6 6. Be3 Bg7 7. f3 Nc6 8. Qd2 O-O 9. O-O-O Bd7 10. h4 h5 11. Be2 Ne5 12. Nd5 Nxd5 13. exd5 Rc8 14. g4 hxg4 15. fxg4 Nxg4 16. Ne6 Bxe6 17. dxe6 Nxe3 18. exf7+ Kh7 19. h5 Rxc2+ 20. Qxc2 Nxc2 21. Bd3 Bh6+ 22. Kxc2 Kg7 23. hxg6 Qb6 24. Kb1 Qe3 25. Bc2 Rc8 26. Rc1 Qe2 27. Rhd1 Bxc1 28. Rxc1 Rxc2 29. Rxc2 Qd1+ 30. Rc1 Qd3+ 31. Ka1 Qxg6 32. Rf1 Kf8 0-1


[Site "https://www.chess.com"]

[Event "Titled Tuesday Blitz December 06 Late 2022"]
[White "Vargas, Mauricio"]
[Black "Droin, Augustin"]
[WhiteFideId "4404572"]
[BlackFideId "45105987"]
[WhiteElo "2025"]
[BlackElo "2316"]
[Result "0-1"]
[Round "01"]
[TimeControl "180+1"]
[Date "2022.12.07"]
[WhiteClock "0:00:24"]
[BlackClock "0:02:01"]

1. e4 c5 2. Nc3 a6 3. f4 b5 4. Nf3 Bb7 5. d3 e6 6. g4 d5 7. e5 d4 8. Ne4 f5 9. gxf5 exf5 10. Neg5 Qc8 11. Bg2 h6 12. Nh3 Ne7 13. O-O Nbc6 14. a3 Nd8 15. Qe1 Ne6 16. Qh4 g6 17. Nhg5 Bg7 18. Nxe6 Qxe6 19. Bd2 O-O 20. Kh1 Bd5 21. Rg1 a5 22. Rae1 b4 23. a4 b3 24. c3 dxc3 25. Bxc3 Bc6 26. Nd2 Rfd8 27. Nc4 Rxd3 28. Nb6 Bxg2+ 29. Rxg2 Rad8 30. Bxa5 Nc6 31. Nc4 Nxa5 32. Nxa5 c4 33. Rc1 Rd1+ 34. Rg1 Qd5# 0-1


[Site "https://www.chess.com"]

[Event "Titled Tuesday Blitz December 06 Late 2022"]
[White "Vykouk, Jan"]
[Black "Ansh M Shah"]
[WhiteFideId "349658"]
[BlackFideId "25033379"]
[WhiteElo "2378"]
[BlackElo "2084"]
[Result "1/2-1/2"]
[Round "01"]
[TimeControl "180+1"]
[Date "2022.12.07"]
[WhiteClock "0:00:06"]
[BlackClock "0:00:07"]

1. e4 c6 2. d4 d5 3. f3 dxe4 4. fxe4 e5 5. Nf3 Bg4 6. Bc4 Nd7 7. O-O Ngf6 8. h3 Bh5 9. g4 Bg6 10. dxe5 Nxe4 11. Be3 Bc5 12. Bxc5 Ndxc5 13. b4 Ne6 14. Bxe6 fxe6 15. Nd4 Qd5 16. Nf3 O-O 17. Qxd5 exd5 18. c3 Rae8 19. Kg2 h6 20. a4 Ng5 21. Nbd2 Nxf3 22. Rxf3 Be4 23. Nxe4 dxe4 24. Rxf8+ Kxf8 25. Rf1+ Kg8 26. Rf5 g6 27. Rf6 Kg7 28. Rd6 Kf7 29. Kf2 Rxe5 30. Rd7+ Re7 31. Rxe7+ Kxe7 32. Ke3 Ke6 33. Kxe4 g5 34. Kd4 b6 35. a5 Kd6 36. c4 Ke6 37. axb6 axb6 38. Ke4 Kf6 39. Kd4 Ke6 40. Ke4 Kf6 41. Kd3 Ke5 42. Ke3 Kd6 43. Kd4 Ke6 1/2-1/2


[Site "https://www.chess.com"]

[Event "Titled Tuesday Blitz December 06 Late 2022"]
[White "Ward, Ieuan C"]
[Black "Yi, Richard"]
[WhiteFideId "406627"]
[BlackFideId "2079518"]
[WhiteElo "2306"]
[BlackElo "2147"]
[Result "1-0"]
[Round "01"]
[TimeControl "180+1"]
[Date "2022.12.07"]
[WhiteClock "0:01:40"]
[BlackClock "0:01:09"]

1. d4 Nf6 2. c4 g6 3. Nc3 d5 4. cxd5 Nxd5 5. e4 Nxc3 6. bxc3 Bg7 7. Nf3 c5 8. Rb1 O-O 9. Be2 Nc6 10. d5 Ne5 11. Qc2 Nxf3+ 12. Bxf3 f5 13. O-O Qc7 14. c4 fxe4 15. Bxe4 Bf5 16. Bb2 Bxb2 17. Rxb2 b6 18. Re1 Bxe4 19. Qxe4 Rf4 20. Qe6+ Kf8 21. Rb3 Rd8 22. g3 Rf7 23. Rbe3 Rd6 24. Qe5 Qd7 25. Qh8# 1-0


[Site "https://www.chess.com"]

[Event "Titled Tuesday Blitz December 06 Late 2022"]
[White "Wartiovaara, Oliver"]
[Black "Abasov, Nijat"]
[WhiteFideId "513024"]
[BlackFideId "13402960"]
[WhiteElo "2214"]
[BlackElo "2546"]
[Result "0-1"]
[Round "01"]
[TimeControl "180+1"]
[Date "2022.12.06"]
[WhiteClock "0:01:16"]
[BlackClock "0:02:01"]

1. Nf3 c5 2. g3 Nc6 3. Bg2 g6 4. O-O Bg7 5. c3 e5 6. e4 Nge7 7. d3 O-O 8. a3 d5 9. exd5 Nxd5 10. Re1 Re8 11. Nbd2 Bf5 12. Ne4 b6 13. Qc2 h6 14. b4 cxb4 15. axb4 Rc8 16. Qb3 Kh7 17. Neg5+ Kg8 18. Nh4 hxg5 19. Nxf5 gxf5 20. Bxd5 Rc7 21. Bxc6 Rxc6 22. Rxa7 Rce6 23. Qc4 Qf6 24. b5 e4 25. dxe4 Rxe4 26. Rxe4 Rxe4 27. Qc8+ Kh7 28. Be3 f4 29. Bd4 Re1+ 30. Kg2 f3+ 31. Kh3 Qg6 32. g4 Qh6+ 33. Kg3 Qh4+ 34. Kxf3 Qh3# 0-1


[Site "https://www.chess.com"]

[Event "Titled Tuesday Blitz December 06 Late 2022"]
[White "Yeritsyan, Hayk"]
[Black "Girel, Joseph"]
[WhiteFideId "13307320"]
[BlackFideId "36033561"]
[WhiteElo "2421"]
[BlackElo "2281"]
[Result "0-1"]
[Round "01"]
[TimeControl "180+1"]
[Date "2022.12.07"]
[WhiteClock "0:00:02"]
[BlackClock "0:00:07"]

1. d4 Nf6 2. Nf3 b6 3. Bf4 Bb7 4. e3 g6 5. h3 Bg7 6. Be2 d6 7. c3 O-O 8. O-O Nbd7 9. Bh2 Ne4 10. Nbd2 c5 11. Nxe4 Bxe4 12. Nd2 Bb7 13. Bf3 Qc8 14. Bxb7 Qxb7 15. Qe2 b5 16. e4 cxd4 17. cxd4 Bxd4 18. Nf3 Bg7 19. e5 dxe5 20. Nxe5 Nxe5 21. Bxe5 Rfd8 22. Bxg7 Kxg7 23. Rfd1 a6 24. Rac1 Rxd1+ 25. Rxd1 Qc7 26. Qd2 Rc8 27. Qd4+ Kg8 28. g3 h5 29. h4 Qc2 30. a3 Qe2 31. Qd2 Rc2 32. Qxe2 Rxe2 33. Rd7 Rxb2 34. Ra7 Ra2 35. Rxa6 b4 36. a4 b3 37. Rb6 b2 38. Kg2 Kg7 39. a5 e5 40. a6 e4 41. a7 Rxa7 42. Rxb2 f5 43. Rc2 Rd7 44. Rb2 Kf6 45. Rb6+ Kf7 46. Rb2 Ke6 47. Rb6+ Rd6 48. Rb5 Kf6 49. Rb2 f4 50. gxf4 Kf5 51. Rb5+ Kxf4 52. Rg5 Rc6 53. Rg3 Rb6 54. Rg5 Rb2 55. Kg1 Kf3 56. Rg3+ Kf4 57. Rxg6 Kf3 58. Rg3+ Kf4 59. Kg2 Rc2 60. Kg1 Re2 61. Rg5 Kf3 62. Rxh5 Re1+ 63. Kh2 Kxf2 64. Rf5+ Ke3 65. h5 Rb1 66. h6 Rb8 67. h7 Rh8 68. Rh5 Kf2 69. Rf5+ Ke3 70. Rh5 Kd2 71. Kg2 e3 72. Rd5+ Ke1 73. Rh5 e2 74. Kh2 Kd2 75. Rd5+ Ke3 76. Re5+ Kf3 77. Rf5+ Ke4 78. Rf7 Kd3 79. Rd7+ Kc3 80. Re7 Rxh7+ 81. Rxh7 e1=Q 82. Rh3+ Kd4 83. Rg3 Ke4 84. Kg2 Kf4 85. Rf3+ Kg4 86. Rf2 Qe4+ 87. Kh2 Qe5+ 88. Kg2 Qe3 89. Kf1 Qd3+ 90. Kg2 Qe4+ 91. Kg1 Kg3 0-1


[Site "https://www.chess.com"]

[Event "Titled Tuesday Blitz December 06 Late 2022"]
[White "Yoo, Christopher Woojin"]
[Black "Pham, Khoi"]
[WhiteFideId "30909694"]
[BlackFideId "1054988"]
[WhiteElo "2463"]
[BlackElo "2492"]
[Result "1-0"]
[Round "01"]
[TimeControl "180+1"]
[Date "2022.12.06"]
[WhiteClock "0:00:06"]
[BlackClock "0:00:02"]

1. g3 f5 2. d4 Nf6 3. Bg2 g6 4. Nf3 Bg7 5. O-O O-O 6. c4 d6 7. Nc3 Qe8 8. d5 Na6 9. Nd4 Bd7 10. b3 c6 11. Bb2 Rc8 12. Qd2 Qf7 13. Rac1 h6 14. Rfe1 Nc5 15. dxc6 bxc6 16. e3 Nce4 17. Qe2 Ng4 18. f3 Nxc3 19. Bxc3 Ne5 20. f4 Ng4 21. e4 e5 22. fxe5 dxe5 23. Nf3 f4 24. h3 Ne3 25. Nxe5 Bxe5 26. Bxe5 Nxg2 27. Qxg2 f3 28. Qf2 Bxh3 29. Rcd1 Qe6 30. Bf4 Rxf4 31. gxf4 Qg4+ 32. Kh2 Bg2 33. Qg3 Qh5+ 34. Kg1 Qc5+ 35. Qf2 Qh5 36. Qxa7 Qh1+ 37. Kf2 Qh4+ 38. Ke3 f2 39. Rf1 Qg3+ 40. Kd4 Qxf4 41. Qd7 Qxe4+ 42. Kc3 Qe5+ 43. Qd4 Qxd4+ 44. Kxd4 Bxf1 45. Rxf1 Rf8 46. Ke3 g5 47. a4 g4 48. Rxf2 Rb8 49. Rb2 Kf7 50. a5 Ke6 51. b4 Kd6 52. a6 Ra8 53. b5 cxb5 54. cxb5 Kc7 55. b6+ Kb8 56. Ra2 h5 57. Kf4 1-0


[Site "https://www.chess.com"]